Map: Blackpink LE

Players

Veryn

  • Race: Protoss Protoss
  • League: Master
  • Spawn Location: 1:00

A.I. 1 (Very Easy) - Winner!

  • Race: Zerg Zerg
  • Spawn Location: 7:00

VOD

Have the link to the VOD?

Description

Time

  • Played on: Dec. 15, 2017, 7:23 a.m.
  • Length: 5:45
Show
View Real Time Build Order
Export as new Build Order

Veryn Protoss 

Build Orders: 1 Gate Expand, Oracle Opening, Phoenix Opening 

Get SALT Encoding   

  12  0:00  Probe  
  13  0:13  Probe  
  14  0:20  Pylon  
  14  0:25  Probe  
  15  0:38  Probe (Chrono Boost)  
  16  0:45  Gateway  
  16  0:48  Probe (Chrono Boost)  
  16  0:49  Assimilator  
  17  0:52  Probe  
  18  1:04  Probe  
  19  1:17  Probe  
  20  1:25  Nexus  
  20  1:37  Cybernetics Core  
  20  1:41  Probe  
  21  1:47  Assimilator  
  21  1:53  Probe  
  22  1:58  Pylon  
  22  2:05  Probe  
  23  2:17  Probe  
  23  2:18  Adept (Chrono Boost)  
  23  2:21  Stargate  
  26  2:28  Warp Gate  
  26  2:29  Probe  
  27  2:35  Adept (Chrono Boost)  
  29  2:38  Probe  
  29  2:41  Probe  
  31  2:50  Probe  
  32  2:52  Adept  
  32  2:53  Probe  
  35  3:02  Probe  
  36  3:06  Probe, Oracle (Chrono Boost)  
  36  3:09  Pylon  
  40  3:14  Probe  
  40  3:18  Probe  
  42  3:26  Probe  
  43  3:30  Probe  
  46  3:37  Phoenix (Chrono Boost)  
  46  3:38  Probe  
  47  3:41  Gateway  
  47  3:42  Probe, Gateway  
  48  3:50  Probe  
  48  3:54  Probe, Twilight Council  
  50  4:02  Probe  
  51  4:06  Probe  
  52  4:11  Pylon  
  52  4:14  Probe  
  52  4:15  Gateway  
  52  4:16  Gateway  
  53  4:19  Gateway  
  53  4:22  Probe, Gateway  
  55  4:32  Resonating Glaives (Chrono Boost)  
  54  4:41  Adept x3  
  60  4:46  Pylon  
  60  4:51  Nexus  
  60  4:57  Pylon  
  60  5:04  Adept  
  60  5:05  Adept x2  
  66  5:10  Pylon  
  66  5:12  Assimilator  
  66  5:13  Assimilator  
  66  5:26  Adept x3  
  66  5:27  Adept x2  
  76  5:29  Adept  
  78  5:40  Robotics Facility  
  79  5:44  Forge  
Show
View Real Time Build Order
Export as new Build Order

A.I. 1 (Very Easy) Zerg - Winner!

Build Orders: Hatch First 

Get SALT Encoding   

  12  0:00  Drone  
  13  0:12  Overlord  
  13  0:17  Drone  
  14  0:41  Hatchery  
  13  0:45  Drone  
  14  1:02  Spawning Pool  
  13  1:05  Drone  
  13  1:08  Extractor  
  13  1:12  Drone  
  14  1:19  Overlord  
  14  1:49  Zergling x2  
  14  1:50  Queen  
  14  1:51  Zergling x2  
  18  1:59  Roach Warren  
  17  2:05  Drone  
  18  2:08  Extractor  
  18  2:12  Drone  
  18  2:16  Zergling x2  
  18  2:22  Drone  
  20  2:29  Drone  
  21  2:36  Drone  
  22  2:43  Drone  
  23  2:50  Drone  
  24  2:57  Drone  
  25  3:01  Roach  
  25  3:04  Drone  
  28  3:10  Overlord  
  28  3:15  Drone  
  29  3:23  Drone  
  28  3:30  Drone  
  29  3:35  Lair  
  29  3:37  Drone  
  30  3:45  Roach  
  32  3:49  Drone  
  33  3:56  Drone  
  32  4:03  Drone  
  31  4:10  Drone  
  32  4:17  Drone  
  33  4:25  Drone  
  33  4:29  Overlord, Ravager, Zergling x2  
  36  4:32  Drone  
  36  4:34  Overseer  
  36  4:36  Overseer  
  37  4:39  Drone  
  38  4:46  Drone  
  39  4:54  Drone  
  40  5:01  Drone  
  40  5:05  Extractor  
  40  5:08  Drone  
  40  5:13  Extractor  
  40  5:14  Roach  
  42  5:15  Drone  
  43  5:22  Drone  
  44  5:29  Drone  
Tags
 
Add a new tag
Caveats
  • Supply blocks, unpowered buildings, or Contaminate may cause inaccurate times.
  • Supply counts are checked every 10 seconds.